 Dungeon Crawl Stone Soup version 0.21.1-1-g345015f (webtiles) character file.

7 tidbits the Sneak (level 2, 18/19 HPs)
             Began as a Gnoll Enchanter on June 8, 2018.
             Quit the game on level 2 of the Dungeon.
             The game lasted 00:01:36 (85 turns).

tidbits the Sneak (Gnoll Enchanter)                   Turns: 85, Time: 00:01:37

Health: 18/19      AC:  2    Str: 10    XL:     2   Next: 0%
Magic:  7/7        EV: 14    Int: 17    God:
Gold:   18         SH:  0    Dex: 15    Spells: 9/10 levels left

rFire    . . .     SeeInvis .   a - +1 dagger
rCold    . . .     Gourm    .   (no shield)
rNeg     . . .     Faith    .   b - +0 robe
rPois    .         Spirit   .   (no helmet)
rElec    .         Reflect  .   (no cloak)
rCorr    .         Harm     .   (no gloves)
MR       .....                  (no boots)
Stlth    +++.......             (no amulet)
HPRegen  0.06/turn              (no ring)
MPRegen  0.10/turn              (no ring)

@: no status effects
A: distributed training, fangs 1, strong nose
a: no special abilities


You were on level 2 of the Dungeon.
You were not hungry.

You visited 1 branch of the dungeon, and saw 2 of its levels.

You collected 18 gold pieces.

Inventory:

Hand Weapons
 a - a +1 dagger (weapon)
Armour
 b - a +0 robe (worn)
Scrolls
 g - a scroll of fear {unknown}
 h - a scroll of enchant armour {unknown}
Potions
 e - a potion of berserk rage {unknown}
 f - a potion of magic {unknown}
Books
 c - a book of Maledictions

   Spells                             Type                      Level
   a - Corona                         Hexes                        1
   b - Ensorcelled Hibernation        Hexes/Ice                    2
   c - Confuse                        Hexes                        3
   d - Tukima's Dance                 Hexes                        3
   e - Dazzling Spray                 Conjuration/Hexes            3
Comestibles
 d - a ration


   Skills:
 + Level 0.2 Fighting
 + Level 2.4 Short Blades
 + Level 0.2 Long Blades
 + Level 0.2 Axes
 + Level 0.2 Maces & Flails
 + Level 0.2 Polearms
 + Level 0.2 Staves
 + Level 0.2 Slings
 + Level 0.2 Bows
 + Level 0.2 Crossbows
 + Level 0.2 Throwing
 + Level 0.2 Armour
 + Level 4.4 Dodging
 + Level 5.9 Stealth
 + Level 0.2 Shields
 + Level 0.2 Unarmed Combat
 + Level 4.9 Spellcasting
 + Level 0.1 Conjurations
 + Level 5.3 Hexes
 + Level 0.1 Charms
 + Level 0.1 Summonings
 + Level 0.1 Necromancy
 + Level 0.1 Translocations
 + Level 0.1 Transmutations
 + Level 0.1 Fire Magic
 + Level 0.1 Ice Magic
 + Level 0.1 Air Magic
 + Level 0.1 Earth Magic
 + Level 0.1 Poison Magic
 + Level 0.3 Invocations
 + Level 0.2 Evocations


You had 9 spell levels left.
You knew the following spells:

 Your Spells              Type           Power        Failure   Level  Hunger
a - Corona                Hex            ###....      1%          1    None


Dungeon Overview and Level Annotations

Branches:
Dungeon (2/15)

Altars:


Innate Abilities, Weirdness & Mutations

Your experience applies equally to all skills.
You have very sharp teeth.
Your uncanny sense of smell can sniff out nearby items.


Message History

Welcome, tidbits the Gnoll Enchanter.
Will you prevail where others failed? Will you find the Orb of Zot?
Press ? for a list of commands and other information.
Found a grey potion, a metallic puce potion and 5 gold pieces.
Found a staircase leading out of the dungeon.
Adjust (i)tems, (s)pells, or (a)bilities?
Adjust which spell? o - Corona Adjust to which letter? a - Corona You see here a metallic puce potion.
e - a metallic puce potion You see here 5 gold pieces.
You now have 5 gold pieces.
A dart slug comes into view.
You see here a grey potion.
f - a grey potion The helpless dart slug fails to defend itself.
You impale the dart slug!!
You kill the dart slug!
You see here a dart slug corpse.
Found a dagger.
Found a ring mail. 2 hobgoblins come into view.
Found a scroll labeled UBIROH CAATT.
A hobgoblin comes into view.
The hobgoblin shouts!
The hobgoblin hits you with a club.
You see here a ring mail.
Casting: Corona
Confirm with . or Enter, or press ? or * to list all spells.
Aiming: Corona
Press: ? - help, Shift-Dir - straight line, f - hobgoblin
Aim: a hobgoblin, wielding a club (chance to defeat MR: 77%)
The hobgoblin is outlined in light.
The hobgoblin closely misses you.
You hit the hobgoblin.
The hobgoblin is severely wounded.
The hobgoblin closely misses you.
You hit the hobgoblin.
You kill the hobgoblin!
Things that are here:
a club; a hobgoblin corpse
Found an escape hatch in the floor.
Found a scroll labeled DIEBBE QY HYPT.
Found 5 gold pieces.
You see here a scroll labeled DIEBBE QY HYPT.
g - a scroll labeled DIEBBE QY HYPT
Found a scroll labeled LAANGEKYKIE.
You see here 5 gold pieces.
You now have 10 gold pieces (gained 5).
You see here a scroll labeled LAANGEKYKIE.
h - a scroll labeled LAANGEKYKIE A goblin comes into view.
It is wielding a club.
A goblin comes into view.
The helpless goblin fails to defend itself.
You impale the goblin!!
You kill the goblin!
You see here a club.
Found a stone staircase leading down.
The helpless goblin fails to defend itself.
You impale the goblin!!
You kill the goblin!
You have reached level 2!
There is a stone staircase leading down here.
You climb downwards.
Found 8 gold pieces.
There is a stone staircase leading up here.
Unknown command.
You found a teleport trap!
A worm comes into view.
The worm moves out of view.
Found an escape hatch in the ceiling.
You see here 8 gold pieces.
You now have 18 gold pieces (gained 8).
Casting: Corona
Confirm with . or Enter, or press ? or * to list all spells.
You don't know that spell.
A dart slug comes into view.
Found 28 bolts.
Found a stone staircase leading down.
There is an escape hatch in the ceiling here.
Casting: Corona
Confirm with . or Enter, or press ? or * to list all spells.
You don't know that spell.
Are you sure you want to abandon this character and quit the game? (Confirm with "yes".)

## #### #. ∆
..######
#(#####.#....
#........>.#
#.......w..#
#.##..#.@..#
#.#...#.####
#..<....#
##...w##.#
#........#
#..#w#..##
#..#.#..#
#....#..#
#...##..#


You could see a worm and a dart slug.

Vanquished Creatures
  A dart slug (D:1)
  2 goblins (D:1)
  A hobgoblin (D:1)
4 creatures vanquished.

Notes
Turn   | Place    | Note
-------+----------+-------------------------------------------
     0 | D:1      | tidbits the Gnoll Enchanter began the quest for the Orb.
     0 | D:1      | Reached XP level 1. HP: 13/13 MP: 6/6
    57 | D:1      | Reached XP level 2. HP: 16/19 MP: 7/7
    85 | D:2      | Quit the game

Action                   || total
-------------------------++-------
Melee: Dagger            ||     5
 Cast: Corona            ||     1
 Stab: Sleeping          ||     3
Dodge: Dodged            ||     2

Table legend:
 A = Turns spent in this place as a percentage of turns spent in the entire game.
 B = Non-inter-level travel turns spent in this place as a percentage of non-inter-level travel turns spent in the entire game.
 C = Inter-level travel turns spent in this place as a percentage of turns spent in this place.
 D = Turns resting spent in this place as a percentage of non-inter-level travel turns spent in this place.
 E = Turns spent auto-exploring this place as a percentage of non-inter-level travel turns spent in this place.
 F = Non-inter-level travel turns spent in this place divided by the number of levels of this place that you've seen.
                   A       B       C       D       E      F
               +-------+-------+-------+-------+-------+----------------------
         Total | 100.0 | 100.0 |   0.0 |   0.0 |   0.0 |  42.5
       Dungeon | 100.0 | 100.0 |   0.0 |   0.0 |   0.0 |  42.5
               +-------+-------+-------+-------+-------+----------------------

Table legend:
 A = Kills in this place as a percentage of kills in entire the game.
 B = Kills by you in this place as a percentage of kills by you in the entire game.
 C = Kills by friends in this place as a percentage of kills by friends in the entire game.
 D = Other kills in this place as a percentage of other kills in the entire game.
 E = Experience gained in this place as a percentage of experience gained in the entire game.
 F = Experience gained in this place divided by the number of levels of this place that you have seen.
                   A       B       C       D       E      F
               +-------+-------+-------+-------+-------+----------------------
         Total | 100.0 | 100.0 |   N/A |   N/A | 100.0 |   5.0
       Dungeon | 100.0 | 100.0 |   N/A |   N/A | 100.0 |   5.0
               +-------+-------+-------+-------+-------+----------------------

Vault maps used:
D:1:      minmay_arrival_arboretum_small
D:2:      first_ration, uniq_jessica
